 Dungeon Crawl Stone Soup version 0.31.0-12-g77e489cdc1 (webtiles) character file.

Game seed: 15739556695121506648

305 PaiMei the Grave Robber (level 6, -3/41 HPs)
             Began as a Demonspawn Necromancer on Feb 29, 2024.
             Slain by Grinder (5 damage)
             ... on level 3 of the Dungeon.
             The game lasted 00:05:26 (4050 turns).

PaiMei the Grave Robber (Demonspawn Necromancer)    Turns: 4050, Time: 00:05:27

Health: -3/41      AC:  5    Str:  7 (8)  XL:     6   Next: 15%
Magic:  11/11      EV: 12    Int: 14 (17) God:
Gold:   155        SH:  0    Dex: 12 (14) Spells: 7/11 levels left

rFire   . . .        e - +2 spear (venom)
rCold   . . .        (no shield)
rNeg    . . .        a - +0 robe
rPois   .            o - +1 hat
rElec   .            i - scarf {repulsion}
rCorr   .            (no gloves)
SInv    .            q - +1 pair of boots
Will    .....        (no amulet)
Stlth   ++           (no ring)
HPRegen 0.26/turn    (no ring)
MPRegen 0.12/turn

%: repel missiles
@: mighty
A: hooves 1, horns 1, powered by death 1, weakness stinger 2
a: no special abilities


You were on level 3 of the Dungeon.
You visited 1 branch of the dungeon, and saw 4 of its levels.

You collected 155 gold pieces.

Inventory:

Hand Weapons
 e - a +2 spear of venom (weapon)
 m - the +4 battleaxe of the Endless Expanse {pain, rElec Str-4 Int+5 Dex-4}
   (You found it on level 2 of the Dungeon)

   Str-4:     It affects your strength (-4).
   Int+5:     It affects your intelligence (+5).
   Dex-4:     It affects your dexterity (-4).
   rElec:     It insulates you from electricity.
Missiles
 k - 7 poisoned darts (quivered)
 r - 5 curare-tipped darts
Armour
 a - a +0 robe (worn)
 i - a scarf of repulsion (worn)
 o - a +1 hat (worn)
 q - a +1 pair of boots (worn)
Scrolls
 d - 4 scrolls of teleportation {unknown}
 f - 6 scrolls of identify {unknown}
 h - a scroll of brand weapon {unknown}
 n - 2 scrolls of noise {unknown}
 p - 3 scrolls of vulnerability {unknown}
 t - a scroll of immolation {unknown}
 u - a scroll of revelation {unknown}
Potions
 b - a potion of magic
 j - a potion of invisibility {unknown}
 l - a potion of curing {unknown}
 s - a potion of resistance {unknown}
 v - a potion of berserk rage {unknown}
 w - a potion of brilliance {unknown}
 x - a potion of degeneration
 z - a potion of mutation {unknown}


   Skills:
 + Level 3.3 Dodging
 + Level 3.5 Stealth
 + Level 3.4 Spellcasting
 + Level 5.5 Necromancy


You had 7 spell levels left.
You knew the following spells:

 Your Spells              Type           Power      Damage    Failure   Level
a - Necrotise             Necr           72%        1d7       1%          1
b - Vampiric Draining     Necr           18%        2d7       6%          3

Your spell library contained the following spells:

 Spells                   Type           Power      Damage    Failure   Level
 Slow                     Hex            8%         N/A       21%         1
 Animate Dead             Necr           18%        N/A       21%         4
 Curse of Agony           Necr           18%        N/A       50%         5
 Confusing Touch          Hex            2%         N/A       52%         3
 Sigil of Binding         Hex            2%         N/A       52%         3


Dungeon Overview and Level Annotations

Branches:
Dungeon (4/15)
 Temple: D:4-7

Altars:

Shops:
D:2 =

Annotations:
D:3 Grinder
D:4 2 transporters


Innate Abilities, Weirdness & Mutations

You have large cloven feet.
You have a pair of small horns on your head.
You regenerate a little health from kills.
You have a tail ending in a sharp stinger.


Message History

Grinder is moderately wounded.
Grinder misses you.
You hit Grinder but do no damage.
Grinder is poisoned.
You headbutt Grinder.
Grinder is moderately wounded.
Grinder hits you.
* * * LOW HITPOINT WARNING * * *
You writhe in agony.
* * * LOW HITPOINT WARNING * * *
You hit Grinder. You headbutt Grinder, but do no damage.
Your tail-slap misses Grinder.
Grinder is heavily wounded.
Grinder closely misses you.
The jackal bites you but does no damage.
Grinder hits you but does no damage.
You closely miss the jackal. You tail-slap the jackal.
The jackal is lightly wounded.
The jackal misses you. The jackal bites you.
* * * LOW HITPOINT WARNING * * *
Grinder gestures at you. You resist with significant effort.
It was a potion of degeneration.
There was something very wrong with that liquid.
You feel weakened.
You feel dopey.
You feel clumsy. The jackal barely misses you. Grinder hits you.
* * * LOW HITPOINT WARNING * * *
It was a potion of cancellation.
You feel magically purged. The jackal bites you.
* * * LOW HITPOINT WARNING * * *
Grinder gestures at you. Pain shoots through your body!
* * * LOW HITPOINT WARNING * * *
The jackal closely misses you.
It was a potion of might.
You feel very mighty all of a sudden.
The jackal bites you but does no damage.
Grinder hits you.
* * * LOW HITPOINT WARNING * * *
You writhe in agony.
You die...
Grinder sighs, "Dead already?
I want a refund."

##########. #..........
############.######..(
#....^.......# #...
#.#################...
#.........#......))†..
########.......#.#.##########
#..............#.#.#....).#
#.######...h@5.#.#.#Z####.#
#.####........<#........#.#
#.#.....##..##.#........#†#
#####.#.##).##..#...........#.#
..............>.####........#.##
#####.#.##...........#.#.......#
#.#..#.###..####.#.######..#
#.##.#.#.......#...# #..#
#####.##.#.#.#..##.##### #..#


You could see Grinder (poisoned) and a jackal.

Vanquished Creatures
  A scorpion (D:4)
  2 orc priests (D:4)
  A jelly (D:4)
  An orc wizard (D:4)
  2 adders
  3 dart slugs (D:4)
  4 ribbon worms
  13 orcs
  3 endoplasms
  7 giant cockroaches
  5 goblins
  4 hobgoblins
  2 jackals (D:3)
  4 quokkas
  7 ball pythons
  5 bats
  7 frilled lizards
  5 kobolds
  10 rats
86 creatures vanquished.

Vanquished Creatures (collateral kills)
  2 ball pythons
  An endoplasm (D:1)
  A rat (D:3)
4 creatures vanquished.

Grand Total: 90 creatures vanquished

Notes
Turn   | Place    | Note
-------+----------+-------------------------------------------
     0 | D:1      | PaiMei the Demonspawn Necromancer began the quest for the
                  | Orb.
     0 | D:1      | Reached XP level 1. HP: 13/13 MP: 3/3
   533 | D:1      | Discovered your monstrous ancestry.
   533 | D:1      | Gained mutation: You have a small tail. [demonic ancestry]
   533 | D:1      | Reached XP level 2. HP: 19/19 MP: 3/5
  1364 | D:2      | Identified the +4 battleaxe of the Endless Expanse {pain,
                  | rElec Str-4 Int+5 Dex-4}
  1554 | D:2      | Gained mutation: You have a tail ending in a sharp stinger.
                  | [demonic ancestry]
  1554 | D:2      | Reached XP level 3. HP: 4/24 MP: 1/6
  1863 | D:2      | Found Nuraodd's Jewellery Shoppe.
  2244 | D:3      | You fall into a shaft and drop 1 floor!
  2371 | D:4      | Gained mutation: You have a pair of small horns on your
                  | head. [demonic ancestry]
  2371 | D:4      | Reached XP level 4. HP: 27/30 MP: 6/8
  2380 | D:4      | Reached skill level 5 in Necromancy
  2535 | D:4      | Found a transporter.
  2549 | D:4      | Gained mutation: You have large cloven feet. [demonic
                  | ancestry]
  2549 | D:4      | Reached XP level 5. HP: 35/35 MP: 9/9
  2561 | D:4      | Found a transporter.
  3153 | D:3      | Noticed Grinder
  3164 | D:4      | Learned a level 3 spell: Vampiric Draining
  3297 | D:4      | Gained mutation: You regenerate a little health from kills.
                  | [demonic ancestry]
  3297 | D:4      | Reached XP level 6. HP: 41/41 MP: 0/11
  4038 | D:3      | Paralysed by Grinder for 5 turns
  4050 | D:3      | HP: 2/41 [Grinder (1)]
  4050 | D:3      | Slain by Grinder

Illustrated notes

Levels and vault maps discovered:
D:1:      minmay_arrival_loop, layout_loops_corners
D:2:      layout_loops_ring, serial_shops, shop, st_stairs_10,
          due_unseen_surprise
D:3:      layout_basic, mainiacjoe_sewer_entry_somewhere_in_here_1,
          minmay_guardbox, uniq_grinder
D:4:      gammafunk_wand_slinger, layout_loops_ring, item_on_display_a

Skill      XL: |  1  2  3  4  5 |
---------------+----------------+-----
Stealth        | 2 3 |  3.5
Dodging        | 2 3 |  3.3
Necromancy     | 5 |  5.5
Spellcasting   | 3 |  3.4

Action                     |  1- 3 |  4- 6 || total
---------------------------+-------+-------++-------
  Melee: Spear             |    20 |    43 ||    63
         Tailslap          |     2 |     8 ||    10
         Headbutt          |       |    12 ||    12
         Punch             |       |     1 ||     1
   Cast: Necrotise         |    74 |    87 ||   161
         Vampiric Draining |       |     1 ||     1
    Use: Potion            |       |     3 ||     3
 Armour: Robe              |    19 |    47 ||    66
  Dodge: Dodged            |    32 |    47 ||    79
         Repelled          |     1 |     1 ||     2
